AoeStats
← _IMPERUS

Black Forest

510211478Analyzed
2v2 RM · 2d ago on Sep 30, 2026· 68m 2s· 4 players
Game mode
Random Map
Map size
Medium (4 player)
Population
200
Speed
Normal
Resources
Standard
Victory
Conquest
Starting age
Dark Age
Ending age
Imperial Age
RankedLock teamsTeams togetherTeam positionsShared explorationLock speedFull tech treeHidden civsTurbo modeCheats
Victory
Defeat
🇧🇷 Portuguese · Brazil
592
+9
🇧🇷 Britons · Brazil
588
+9
🇨🇦 Mongols · Canada
430
-9
🇨🇦 Bohemians · Canada
413
-9
DonHisHead
5:36 Loom
14:17 Feudal Age
15:26 Horse Collar
17:26 Wheelbarrow
21:06 Double-Bit Axe
24:35 Castle Age
25:43 Heavy Plow
27:49 Pikeman
31:10 Chemistry
30:31 Ballistics
37:06 Hand Cart
37:00 Scale Mail Armor
36:58 Fletching
37:10 Padded Archer Armor
42:12 Imperial Age
42:06 Wagenburg Tactics
42:42 Caravan
43:02 Bodkin Arrow
43:28 Chain Mail Armor
43:29 Leather Archer Armor
43:33 Halberdier
44:15 Squires
44:58 Elite Hussite Wagon
45:35 Houfnice
mathewmelo2215
9:39 Feudal Age
10:07 Double-Bit Axe
15:43 Wheelbarrow
15:42 Scale Barding Armor
15:30 Fletching
20:17 Castle Age
20:37 Bloodlines
21:51 Husbandry
22:21 Chain Barding Armor
22:08 Bodkin Arrow
29:52 Imperial Age
29:04 Horse Collar
33:24 Elite Mangudai
39:54 Elite Steppe Lancer
44:23 Bracer
44:28 Padded Archer Armor
44:52 Ballistics
45:33 Chemistry
49:48 Drill
52:54 Onager
55:39 Drill
Jotape
0:49 Loom
18:09 Feudal Age
24:39 Double-Bit Axe
30:51 Castle Age
30:10 Wheelbarrow
29:44 Horse Collar
30:22 Stone Mining
30:52 Gold Mining
32:00 Wheelbarrow
34:02 Fletching
35:24 Bodkin Arrow
35:37 Caravan
35:24 Town Watch
36:12 Bow Saw
36:14 Town Patrol
38:02 Hand Cart
39:10 Padded Archer Armor
39:57 Gold Shaft Mining
39:24 Treadmill Crane
45:35 Imperial Age
43:21 Heavy Plow
44:22 Ballistics
44:15 Husbandry
45:25 Leather Archer Armor
46:02 Forging
45:55 Arson
46:43 Fortified Wall
47:22 Murder Holes
49:12 Conscription
49:16 Yeomen
48:58 Bracer
50:01 Chemistry
50:00 Ring Archer Armor
49:40 Scale Barding Armor
49:36 Cavalier
51:16 Chain Barding Armor
50:57 Scale Mail Armor
51:09 Warwolf
52:07 Iron Casting
51:49 Chain Mail Armor
52:02 Crossbowman
55:05 Blast Furnace
53:59 Arrowslits
56:02 Two-Man Saw
56:36 Plate Barding Armor
56:32 Siege Engineers
56:37 Arbalester
61:06 Plate Mail Armor
60:55 Masonry
60:54 Elite Longbowman
62:12 Hoardings
_IMPERUS
0:32 Loom
13:58 Feudal Age
14:57 Town Watch
16:06 Double-Bit Axe
16:32 Arson
16:55 Horse Collar
17:04 Fishing Lines
20:29 Wheelbarrow
20:33 Gold Mining
24:11 Castle Age
22:26 Town Watch
23:57 Fletching
24:40 Stone Mining
26:24 Heavy Plow
26:44 Scale Mail Armor
27:27 Bodkin Arrow
28:22 Stone Shaft Mining
29:11 Bow Saw
29:20 Man-at-Arms
29:21 Pikeman
29:46 Gambesons
30:05 Padded Archer Armor
30:22 Caravan
30:24 Guard Tower
30:10 Long Swordsman
31:58 Chain Mail Armor
31:56 Treadmill Crane
34:44 Hand Cart
35:20 Circumnavigation
35:21 Gillnets
39:17 Imperial Age
39:34 Sappers
40:28 Conscription
39:36 Two-Handed Swordsman
41:19 Halberdier
42:53 Bracer
43:50 Crop Rotation
44:21 Guilds
44:42 Ballistics
45:34 Chemistry
45:02 Heated Shot
45:24 Town Patrol
46:22 Champion
48:10 Plate Mail Armor
47:51 Husbandry
50:02 Two-Man Saw
49:16 Masonry
54:01 Arquebus
55:06 Elite Organ Gun
56:48 Cavalier
61:48 Architecture
61:30 Fortified Wall
66:28 Keep
65:59 Siege Engineers
66:04 Scale Barding Armor
66:15 Leather Archer Armor
66:10 Forging
Connection lost

Rejoining the realm…

Still unreachable

The connection could not be restored.

Session expired

The server has moved on; the page needs a fresh start.